 Dungeon Crawl Stone Soup version 0.22-a0-388-g09e6169 (webtiles) character file.

65 Mgcat the Insei (level 4, 0/32 HPs)
             Began as a Merfolk Transmuter on Apr 29, 2018.
             Succumbed to an adder's poison
             ... on level 2 of the Dungeon.
             The game lasted 00:05:27 (1529 turns).

Mgcat the Insei (Merfolk Transmuter)                Turns: 1529, Time: 00:05:28

Health: 0/32       AC:  2    Str: 14 (15) XL:     4   Next: 14%
Magic:  2/7        EV: 20    Int: 15 (18) God:
Gold:   89         SH:  0    Dex: 17 (19) Spells: 1/7 levels left

rFire    . . .     SeeInvis +     - Unarmed
rCold    . . .     Gourm    .   (shield currently unavailable)
rNeg     + . .     Faith    .   (armour currently unavailable)
rPois    x         Spirit   .   (helmet currently unavailable)
rElec    .         Reflect  .   (cloak currently unavailable)
rCorr    .         Harm     .   (gloves currently unavailable)
MR       .....                  (boots currently unavailable)
Stlth    ++........             (no amulet)
HPRegen  0.10/turn              j - ring of positive energy {rN+}
MPRegen  0.10/turn              (no ring)

@: mighty, brilliant, lethally poisoned (0 -> -3), spider-form
A: tiny, (change form in water), (swift swim), (stealthy swim), see invisible,
MP-powered wands
a: End Transformation


You were on level 2 of the Dungeon.
You were hungry.
You were a venomous arachnid creature.
You visited 1 branch of the dungeon, and saw 2 of its levels.

You collected 89 gold pieces.

Inventory:

Missiles
 a - 9 arrows
Armour
 b - a +0 robe (melded)
Jewellery
 j - a ring of positive energy (left front leg) {rN+}
   (You found it on level 2 of the Dungeon)
Scrolls
 e - a scroll of enchant weapon
Potions
 g - a potion of degeneration {!q}
Comestibles
 d - 2 rations


   Skills:
 - Level 1.1 Fighting
 - Level 2.6 Dodging
 + Level 4.2 Unarmed Combat
 - Level 2.0 Spellcasting
 + Level 4.2 Transmutations
 + Level 1.3 Poison Magic


You had one spell level left.
You knew the following spells:

 Your Spells              Type           Power        Failure   Level  Hunger
a - Beastly Appendage     Tmut           ###...       1%          1    #......
b - Sticks to Snakes      Tmut           ###.....     2%          2    ###....
c - Spider Form           Tmut/Pois      ###.......   5%          3    ###....


Dungeon Overview and Level Annotations

Branches:
Dungeon (2/15)

Altars:


Innate Abilities, Weirdness & Mutations

((You revert to your normal form in water.))
((You are very nimble and swift while swimming.))
((You are very stealthy in the water. (Stealth+)))
You have supernaturally acute eyesight. (SInv)
You expend magic power (3 MP) to strengthen your wands.


Message History

This raw flesh tastes terrible.
Your horns disappear.
You open the door.
There is an open door here.
You now have 80 gold pieces (gained 4).
You now have 89 gold pieces (gained 9).
h - a glowing silvery potion You are feeling hungry.
Found a stone staircase leading down.
A kobold comes into view. It is wielding a club.
The kobold shouts!
You hear an angry hiss.
The kobold throws a stone.
The stone completely misses you.
There is a stone staircase leading down here.
Casting: Beastly Appendage (safe; 4% risk of failure)
Confirm with . or Enter, or press ? or * to list all spells.
You grow a pair of large bovine horns.
The kobold throws a stone.
The stone barely misses you.
An adder comes into view.
The adder misses you.
You closely miss the adder. The adder bites you.
You miss the adder. You headbutt the adder!
The adder is severely wounded.
The adder bites you but does no damage.
Casting: Beastly Appendage (safe; 4% risk of failure)
Confirm with . or Enter, or press ? or * to list all spells.
You create a snake!
You now have 9 arrows.
The adder bites you but does no damage. The adder bites you.
You are poisoned.
The adder poisons you!
You feel sick. The adder bites you.
You are more poisoned.
The adder poisons you!
Your adder completely misses the adder.
You are too injured to fight recklessly!
You are too injured to fight recklessly!
You are too injured to fight recklessly!
You are too injured to fight recklessly!
You closely miss the adder.
The adder is severely wounded.
You feel sick. The adder bites you.
Your adder closely misses the adder.
You miss the adder.
The adder is severely wounded.
The adder barely misses you.
Your adder misses the adder. You hit the adder. You headbutt the adder.
The adder is almost dead.
You feel sick. The adder bites you.
Your adder bites the adder.
The adder dies!
You have reached level 4!
Your adder misses the kobold. You closely miss the kobold.
Your headbutt misses the kobold. The kobold hits you with a club.
* * * LOW HITPOINT WARNING * * *
Your adder barely misses the kobold.
It was a potion of degeneration.
There was something very wrong with that liquid.
You feel weakened.
You feel dopey.
You feel clumsy.
* * * LOW HITPOINT WARNING * * *
You feel sick. The kobold closely misses you.
Your adder bites the kobold.
The kobold dies!
It was a potion of mutation.
You feel extremely strange.
You feel your magical essence link to your wands.
Your vision sharpens.
It was a potion of might.
You feel very mighty all of a sudden.
* * * LOW HITPOINT WARNING * * *
You feel sick.
It was a potion of brilliance.
You feel clever all of a sudden.
Okay, then.
Unknown command.
As you read the scroll labeled MOONOU KERY, it crumbles to dust.
You feel strangely unstable.
It was a scroll of teleportation.
* * * LOW HITPOINT WARNING * * *
You feel sick.
As you read the scroll labeled WEAMENLUEF, it crumbles to dust.
It is a scroll of amnesia.
Okay, then.
Your transformation is almost over.
Unknown command.
Unknown command.
As you read the scroll labeled XYICUY JEMILA, it crumbles to dust.
It is a scroll of enchant weapon.
You aren't carrying any weapons that can be enchanted.
Your surroundings suddenly seem different.
There is a lethal amount of poison in your body!
There is a lethal amount of poison in your body!
There is a lethal amount of poison in your body!
* * * LOW HITPOINT WARNING * * *
You feel sick.
Wield which item (- for none, * to show all)? (? for menu, Esc to quit)
Okay, then.
Unknown command.
Unknown command.
Casting: Sticks to Snakes (safe; 1% risk of failure)
Confirm with . or Enter, or press ? or * to list all spells.
Your horns disappear.
You turn into a venomous arachnid creature.
Your +0 robe melds into your body.
* * * LOW HITPOINT WARNING * * *
You feel sick.
You die...

#.....#######...#
#.#
#.....'.........#
#.#######
#.....########.##
#.#.....# #..(..#
#.# #.#.###.#
#.....## #.# #.#.#
#.# ###....#######.#
####.#.# #.#
#..........#.#
#......# #.#
#....#####.#.#
#......# #.# #....#
#.#s###......# #.#
######
#.#..........###.#
#.#.###........#.#
#.#.#........#.#.#
#.#.#.######.#.#.###
#.#............#...#
#.###.######.#####.#
#.# #.# #..........#
#.###.###.##.#######


There were no monsters in sight!

Vanquished Creatures
  2 adders (D:2)
  An ooze (D:1)
  A dart slug (D:2)
  2 giant cockroaches
  3 goblins (D:1)
  2 hobgoblins
  6 jackals (D:1)
  5 bats
  2 frilled lizards (D:1)
  6 kobolds
  5 rats
35 creatures vanquished.

Vanquished Creatures (collateral kills)
  An adder (D:2)
  A kobold (D:2)
2 creatures vanquished.

Grand Total: 37 creatures vanquished

Notes
Turn   | Place    | Note
-------+----------+-------------------------------------------
     0 | D:1      | Mgcat the Merfolk Transmuter began the quest for the Orb.
     0 | D:1      | Reached XP level 1. HP: 15/15 MP: 3/3
    31 | D:1      | Reached skill level 3 in Transmutations
    37 | D:1      | Reached XP level 2. HP: 12/21 MP: 5/5
   283 | D:1      | HP: 5/21 [jackal (1)]
   292 | D:1      | HP: 4/21 [jackal (2)]
   293 | D:1      | HP: 1/21 [jackal (3)]
   569 | D:1      | Reached XP level 3. HP: 25/26 MP: 3/6
   573 | D:1      | Learned a level 2 spell: Sticks to Snakes
   577 | D:1      | Learned a level 3 spell: Spider Form
   624 | D:1      | Reached skill level 4 in Unarmed Combat
   933 | D:2      | Reached skill level 4 in Transmutations
  1176 | D:2      | Reached skill level 1 in Poison Magic
  1513 | D:2      | Reached XP level 4. HP: 10/32 MP: 4/7
  1514 | D:2      | HP: 5/32 [kobold/club (5)]
  1516 | D:2      | Gained mutation: You expend magic power (3 MP) to strengthen your wands. [potion of mutation]
  1516 | D:2      | Gained mutation: You have supernaturally acute eyesight. (SInv) [potion of mutation]
  1519 | D:2      | HP: 2/32 [poisoned by an adder]
  1525 | D:2      | HP: 1/32 [poisoned by an adder]
  1529 | D:2      | Succumbed to an adder's poison

Vault maps used:
D:1:      co_arrival_square_in_a_square_in_a_square

Skill      XL: |  1  2  3 |
---------------+----------+-----
Transmutations | 3 4 |  4.2
Unarmed Combat | 4 |  4.2
Poison Magic   | 1 |  1.3
Fighting       | |  1.1
Dodging        | |  2.6
Spellcasting   | |  2.0

Action                   |  1- 3 |  4- 6 || total
-------------------------+-------+-------++-------
Melee: Unarmed           |   134 |     1 ||   135
       Headbutt          |    18 |       ||    18
       Punch             |     3 |       ||     3
 Cast: Beastly Appendage |    18 |       ||    18
       Sticks to Snakes  |     3 |       ||     3
       Spider Form       |       |     1 ||     1
  Use: Potion            |       |     4 ||     4
       Scroll            |       |     3 ||     3
 Stab: Sleeping          |     1 |       ||     1
  Eat: Chunk             |     2 |       ||     2
Armor: Robe              |    25 |       ||    25
Dodge: Dodged            |   113 |     1 ||   114

Table legend:
 A = Spawn XP
 B = Non-spawn XP
 C = Spawn XP percentage of total XP
 D = Spawn monster count
 E = Non-spawn monster count
 F = Spawn count percentage of total count
 G = Total turns spent on level
                    A         B        C        D         E        F      G
               +---------+---------+-------+---------+---------+-------+---------
         Total |       0 |      94 |   0.0 |       0 |      37 |   0.0 |  1529
               +---------+---------+-------+---------+---------+-------+---------
           D:1 |       0 |      47 |   0.0 |       0 |      26 |   0.0 |   778
           D:2 |       0 |      47 |   0.0 |       0 |      11 |   0.0 |   751
               +---------+---------+-------+---------+---------+-------+---------

Vault maps used:
D:1:      co_arrival_square_in_a_square_in_a_square

Table legend:
 A = Turns spent in this place as a percentage of turns spent in the entire game.
 B = Non-inter-level travel turns spent in this place as a percentage of non-inter-level travel turns spent in the entire game.
 C = Inter-level travel turns spent in this place as a percentage of turns spent in this place.
 D = Turns resting spent in this place as a percentage of non-inter-level travel turns spent in this place.
 E = Turns spent auto-exploring this place as a percentage of non-inter-level travel turns spent in this place.
 F = Non-inter-level travel turns spent in this place divided by the number of levels of this place that you've seen.
                   A       B       C       D       E      F
               +-------+-------+-------+-------+-------+----------------------
         Total | 100.0 | 100.0 |   0.7 |   0.0 |  80.2 | 759.5
       Dungeon | 100.0 | 100.0 |   0.7 |   0.0 |  80.2 | 759.5
               +-------+-------+-------+-------+-------+----------------------

Table legend:
 A = Kills in this place as a percentage of kills in entire the game.
 B = Kills by you in this place as a percentage of kills by you in the entire game.
 C = Kills by friends in this place as a percentage of kills by friends in the entire game.
 D = Other kills in this place as a percentage of other kills in the entire game.
 E = Experience gained in this place as a percentage of experience gained in the entire game.
 F = Experience gained in this place divided by the number of levels of this place that you have seen.
                   A       B       C       D       E      F
               +-------+-------+-------+-------+-------+----------------------
         Total | 100.0 | 100.0 | 100.0 |   N/A | 100.0 |  47.0
       Dungeon | 100.0 | 100.0 | 100.0 |   N/A | 100.0 |  47.0
               +-------+-------+-------+-------+-------+----------------------
